 Dungeon Crawl Stone Soup version 0.32-a0-540-g866d13106e (webtiles) character file.

Game seed: 4744848940949397823

1992 retardedninja the Blocker (level 9, -6/81 HPs)
             Began as a Mountain Dwarf Fighter on Feb 28, 2024.
             Mangled by an ogre
             ... wielding a +0 giant spiked club
              (12 damage)
             ... in the Ecumenical Temple.
             The game lasted 00:10:04 (5807 turns).

retardedninja the Blocker (Mountain Dwarf Fighter)  Turns: 5807, Time: 00:10:04

Health: -6/81      AC: 14    Str: 23    XL:     9   Next: 1%
Magic:  9/9        EV:  9    Int:  9    God:
Gold:   98         SH:  0    Dex:  9    Spells: 8/8 levels left

rFire   . . .        v - +3 broad axe (freeze)
rCold   . . .        c - +0 buckler
rNeg    . . .        b - +0 scale mail
rPois   .            y - +0 helmet
rElec   .            (no cloak)
rCorr   .            s - +0 pair of gloves
SInv    .            (no boots)
Will    +....        (no amulet) Stlth
                     i - +4 ring of protection
HPRegen 0.33/turn    o - ring of willpower
MPRegen 0.11/turn

%: no passive effects
@: confused, ambrosia-drunk, hasted, studying Shields, very quick
A: runic magic, artefact enchanting
a: no special abilities


You were in the Ecumenical Temple.
You visited 2 branches of the dungeon, and saw 8 of its levels.

You collected 290 gold pieces.
You spent 192 gold pieces at shops.

Inventory:

Hand Weapons
 v - a +3 broad axe of freezing (weapon)
Armour
 b - a +0 scale mail (worn)
 c - a +0 buckler (worn)
 r - +0 acid dragon scales
 s - a +0 pair of gloves (worn)
 y - a +0 helmet (worn)
Jewellery
 i - a +4 ring of protection (left hand)
 o - a ring of willpower (right hand)
Wands
 q - a wand of mindburst (38)
 w - a wand of warping (11)
Scrolls
 a - a scroll of immolation {unknown}
 e - a scroll of noise {unknown}
 f - a scroll of poison {unknown}
 g - 5 scrolls of amnesia
 h - a scroll of blinking {unknown}
 j - a scroll of silence {unknown}
 n - a scroll of fog {unknown}
 p - a scroll of fear {unknown}
 u - 2 scrolls of enchant armour {unknown}
 A - a scroll of teleportation {unknown}
Potions
 d - 2 potions of attraction
 l - 2 potions of enlightenment


   Skills:
 * Level 7.8 Fighting
 * Level 8.2 Axes
 + Level 6.1 Armour
 * Level 8.5 Shields


You had 8 spell levels left.
You didn't know any spells.
Your spell library contained the following spells:

 Spells                   Type           Power      Damage    Failure   Level
 Freeze                   Ice            0%         1d3       50%         1
 Shock                    Conj/Air       0%         1d3       50%         1
 Frozen Ramparts          Ice            0%         1d1       86%         3
 Hailstorm                Conj/Ice       0%         3d5       86%         3
 Swiftness                Air            0%         N/A       86%         3
 Airstrike                Air            0%         2d(0-16)  99%         4
 Conjure Ball Lightning   Conj/Air       0%         3x3d6     100%        6
 Discord                  Hex            0%         N/A       100%        8
 Disjunction              Tloc           0%         N/A       100%        8


Dungeon Overview and Level Annotations

Branches:
Dungeon (7/15)             Temple (1/1) D:7

Altars:
Cheibriados
Elyvilon
Gozag
Kikubaaqudgha
Makhleb
Okawaru
Qazlal
Ru
Sif Muna
Trog
Uskayaw
Vehumet
Wu Jian
Zin
The Shining One

Shops:
D:3 (   D:4 *=((?


Innate Abilities, Weirdness & Mutations

Your spellcasting is much less encumbered by armour.
You can use scrolls of enchantment on lesser artefacts.


Message History

The yak bellows! x4; The ogre shouts!
Found a staircase to the Ecumenical Temple.
There are monsters nearby!
You feel yourself speed up. The yak closely misses you.
A wight comes into view. It is wielding a +7 dagger of freezing.
The yak gores you but does no damage. You block the yak's attack.
A wight comes into view. It is wielding a +0 dire flail.
The yak snorts and paws the ground.
The yak gores you! The yak closely misses you. You block the yak's attack.
Found an escape hatch in the floor.
The yak gores you!
A scorpion comes into view.
The yak gores you but does no damage. The ogre closely misses you.
The yak gores you. The yak gores you but does no damage. The yak gores you!
There is a staircase to the Ecumenical Temple, spattered with blood here.
You can't go up here!
You climb downwards.
Welcome to the Ecumenical Temple!
Found a staircase back to the Dungeon.
There is a staircase back to the Dungeon here.
You hit the yak but do no damage. You slash the yak! You freeze the yak.
You barely miss the yak. You slash the yak! You freeze the yak.
You hit the ogre. You freeze the ogre. The yak gores you but does no damage.
The yak gores you! x2; The yak gores you.
You block the ogre's attack.
You feel better. The yak gores you! x2
* * * LOW HITPOINT WARNING * * *
The yak gores you but does no damage. x2
You are confused.
You feel invigorated. The yak gores you.
* * * LOW HITPOINT WARNING * * *
The yak barely misses you. The yak closely misses you.
The yak gores you but does no damage. The ogre hits you but does no damage.
You hit the ogre. You freeze the ogre.
The ogre is moderately wounded.
You barely miss the yak. You hit the yak. You freeze the yak.
The yak gores you!
* * * LOW HITPOINT WARNING * * *
The yak gores you!
* * * LOW HITPOINT WARNING * * *
The ogre hits you with a +0 giant spiked club!
You die...

###### ######### ########
.....### ###.......### ###.......
..._...###...⌠...⌠...###..._..._.
........#.............#..........
.......###.....YO....###.........
._............YY@............_...
.......###.....Y.....###.........
........#.............#..........
..._...###...⌠...⌠...###..._..._.
.....### ###.......### ###.......
###### ######### ########


You could see 4 yaks and an ogre.

Vanquished Creatures
  A hornet (D:5)
  Eustachio (D:4)
  Edmund (D:5)
  A water moccasin (D:6)
  An acid dragon (D:6)
  Duvessa (D:4)
  3 ogres
  Dowan (D:4)
  A howler monkey (D:4)
  3 bombardier beetles
  A crimson imp (D:6)
  6 hounds
  2 orc priests
  2 jellies (D:5)
  3 iguanas
  5 orc wizards (D:6)
  9 adders
  2 gnolls (D:3)
  A dart slug (D:3)
  2 ribbon worms
  16 orcs
  8 bats
  14 endoplasms
  4 giant cockroaches
  9 goblins
  7 hobgoblins
  8 jackals
  15 kobolds
  7 quokkas
  9 ball pythons
  4 frilled lizards
  2 frilled lizard zombies (D:4)
  3 goblin skeletons (D:6)
  A goblin zombie (D:6)
  A hobgoblin zombie (D:6)
  2 kobold skeletons (D:6)
  2 kobold zombies (D:6)
  2 orc zombies (D:6)
  5 rats
166 creatures vanquished.

Notes
Turn   | Place    | Note
-------+----------+-------------------------------------------
     0 | D:1      | retardedninja the Mountain Dwarf Fighter began the quest
                  | for the Orb.
     0 | D:1      | Reached XP level 1. HP: 19/19 MP: 1/1
   109 | D:1      | Reached XP level 2. HP: 21/26 MP: 2/2
   828 | D:2      | Found a hide-covered altar of Uskayaw.
   858 | D:2      | Reached XP level 3. HP: 24/33 MP: 3/3
  1299 | D:2      | Reached XP level 4. HP: 33/40 MP: 4/4
  1728 | D:3      | Found Nuis's Weapon Emporium.
  1966 | D:3      | Reached XP level 5. HP: 47/47 MP: 5/5
  2606 | D:4      | Reached skill level 5 in Fighting
  2651 | D:4      | Noticed an ogre
  2656 | D:4      | Reached XP level 6. HP: 56/56 MP: 6/6
  2661 | D:4      | Reached skill level 5 in Axes
  2985 | D:4      | Found Gyipt's Weapon Boutique.
  3014 | D:4      | Found Poifuq's Weapon Boutique.
  3077 | D:4      | Found Puru Sei's General Store.
  3144 | D:4      | Found an ancient bone altar of Kikubaaqudgha.
  3155 | D:4      | Noticed Eustachio
  3178 | D:4      | Killed Eustachio
  3179 | D:4      | Reached XP level 7. HP: 37/63 MP: 7/7
  3265 | D:4      | Found Opsiesk's Jewellery Shoppe.
  3685 | D:4      | Found a sacrificial altar of Ru.
  3686 | D:4      | Noticed Dowan
  3690 | D:4      | Noticed Duvessa
  3693 | D:4      | Reached skill level 5 in Shields
  3700 | D:4      | Killed Dowan
  3701 | D:4      | Reached skill level 5 in Armour
  3706 | D:4      | Killed Duvessa
  3968 | D:4      | Found Genux's Magic Scroll Emporium.
  4004 | D:4      | Bought a +2 broad axe of freezing for 192 gold pieces
  4058 | D:5      | Entered Level 5 of the Dungeon
  4080 | D:5      | Noticed a hornet
  4085 | D:5      | Killed a hornet
  4086 | D:5      | Reached XP level 8. HP: 48/71 MP: 8/8
  4495 | D:5      | Noticed Edmund
  4506 | D:5      | Killed Edmund
  5104 | D:6      | Found a glowing golden altar of the Shining One.
  5621 | D:6      | Reached XP level 9. HP: 41/81 MP: 9/9
  5621 | D:6      | Found an ornate altar of the Wu Jian Council.
  5793 | D:7      | Found a staircase to the Ecumenical Temple.
  5802 | Temple   | Entered the Ecumenical Temple
  5807 | Temple   | Mangled by an ogre

Illustrated notes

Levels and vault maps discovered:
D:1:      lightli_arrival_windingriver, layout_basic, minmay_stone_trees_small
D:2:      layout_loops_corners, basic_altar, nrook_loot_triangle,
          minmay_increasing_density
D:3:      layout_loops_ring, serial_shops, shop, minmay_divided_ellipse
D:4:      layout_gridville, lemuel_zombie_altar_kikubaaqudgha,
          nicolae_overflow_crystal_walls, serial_shops,
          nicolae_shop_bloodbath_and_beyond, nicolae_shop_advertising_works
          [nicolae_subvault_shop_adworks], shop_statue, shop, shop,
          minmay_manual_maat, uniq_duvessa, uniq_eustachio
D:5:      cheibrodos_fertilizer, layout_gridville, uniq_edmund
D:6:      layout_rooms, nicolae_wu_jian_wuxing_cycle,
          nicolae_tso_besieged_by_evil, nicolae_figureground_pulse
D:7:      layout_basic, nicolae_uskayaw_suspiria, minmay_temple_entry_slanted,
          gammafunk_ghost_grave, serial_shops, shop, uniq_joseph
Temple:   zaba_magenta_temple

Skill      XL: |  1  2  3  4  5  6  7  8 |
---------------+-------------------------+-----
Axes           | 3 4 6 8 |  8.2
Fighting       | 4 5 6 7 |  7.8
Armour         | 4 5 6 |  6.1
Shields        | 4 6 8 |  8.5

Action                     |  1- 3 |  4- 6 |  7- 9 || total
---------------------------+-------+-------+-------++-------
  Melee: War axe           |    98 |   174 |    43 ||   315
         Broad axe         |       |       |   133 ||   133
    Use: Potion            |       |     2 |     6 ||     8
         Scroll            |       |       |     8 ||     8
 Armour: Scale mail        |    93 |   157 |   146 ||   396
  Dodge: Dodged            |    48 |    92 |    71 ||   211
  Block: Buckler           |    27 |    49 |    58 ||   134

Table legend: (Time is in decaauts)
 A = Elapsed time spent in this place.
 B = Non-inter-level travel time spent in this place.
 C = Inter-level travel time spent in this place.
 D = Time resting spent in this place.
 E = Time spent auto-exploring this place.
 F = Levels seen in this place.
 G = Mean time per level.
                   A        B        C        D        E       F      G
               +--------+--------+--------+--------+--------+-----+--------+
         Total |   5940 |   5716 |    224 |      0 |   4572 |   8 |  742.5 |
       Dungeon |   5937 |   5713 |    224 |      0 |   4572 |   7 |  848.1 |
        Temple |      3 |      3 |      0 |      0 |      0 |   1 |    3.0 |
               +--------+--------+--------+--------+--------+-----+--------+

Top non-repeatable levels by time:
     D:4: 1466 daAuts
     D:2: 1088 daAuts
     D:5: 1024 daAuts
     D:3: 977 daAuts
     D:6: 744 daAuts
     D:1: 629 daAuts
     D:7: 6 daAuts
  Temple: 3 daAuts
